 Dungeon Crawl Stone Soup version 0.27-a0-1137-g3ef0f4ec91 (webtiles) character file.

Game seed: 17277917728093850534

139 jestyr24 the Chopper (level 5, -7/47 HPs)
             Began as a Minotaur Berserker on May 7, 2021.
             Was a Believer of Trog.
             Mangled by an iguana (8 damage)
             ... on level 3 of the Dungeon.
             The game lasted 00:06:57 (2278 turns).

jestyr24 the Chopper (Minotaur Berserker)           Turns: 2278, Time: 00:06:58

Health: -7/47      AC:  3    Str: 22    XL:     5   Next: 1%
Magic:  4/4        EV: 15    Int:  4    God:    Trog [**....]
Gold:   159        SH:  3    Dex: 10    Spells: 4/4 levels left

rFire    . . .     SeeInvis .   a - +0 hand axe
rCold    . . .     Faith    .   g - +0 buckler
rNeg     . . .     Spirit   .   f - +0 leather armour
rPois    .         Reflect  .   (helmet restricted)
rElec    .         Harm     .   (no cloak)
rCorr    .         Rampage  .   (no gloves)
Will     .....                  (no boots)
Stlth    +.........             (no amulet)
HPRegen  0.15/turn              p - +4 ring of evasion
MPRegen  0.09/turn              (no ring)

@: on berserk cooldown, slowed, very slow
A: horns 2, retaliatory headbutt
a: Renounce Religion, Berserk, Trog's Hand


You were on level 3 of the Dungeon.
You worshipped Trog.
Trog was pleased with you.
You visited 1 branch of the dungeon, and saw 3 of its levels.

You collected 159 gold pieces.

Inventory:

Hand Weapons
 a - a +0 hand axe (weapon)
 h - a +0 hand axe
Missiles
 m - 3 silver javelins
Armour
 b - a +0 animal skin
 f - a +0 leather armour (worn)
 g - a +0 buckler (worn)
Jewellery
 k - an amulet of magic regeneration
 p - a +4 ring of evasion (left hand)
Scrolls
 i - a scroll of teleportation
Potions
 d - a potion of curing {unknown}
 n - a potion of might {unknown}
 o - a potion of lignification {unknown}


   Skills:
 + Level 4.4 Fighting
 + Level 5.6 Axes
 + Level 3.1 Armour
 + Level 2.9 Dodging
 + Level 0.1 Stealth
 + Level 0.1 Shields


You had 4 spell levels left.
You didn't know any spells.
Your spell library was empty.

Dungeon Overview and Level Annotations

Branches:
Dungeon (3/15)

Altars:

Shops:
D:1 (


Innate Abilities, Weirdness & Mutations

You have a pair of horns on your head.
You reflexively headbutt those who attack you in melee.


Message History

You hit the kobold.
You kill the kobold!
Trog accepts your kill.
You closely miss something. Something hits you.
You feel a strong urge to attack something.
You are no longer berserk.
You are exhausted.
You feel yourself slow down. Something hits you. Something hits you.
You slash something! Your headbutt misses something. Something hits you.
You closely miss something. Your headbutt misses something. Something hits you.
You block something's attack.
You closely miss something. Something hits you.
You hit something. You headbutt something.
You hear some strange, mumbled words.
A puff of flame appears from out of thin air!
The puff of flame misses you. Something hits you.
You barely miss something. You headbutt something.
You hear some strange, mumbled words.
A puff of flame appears from out of thin air!
The puff of flame misses you.
You slash something! Trog accepts your kill.
Trog appreciates your killing of a magic user.
Reactivating autopickup.
You feel a bit more experienced.
The iguana hisses menacingly.
The iguana bites you!
You have reached level 5!
You hit the iguana. You headbutt the iguana.
The iguana is heavily wounded.
The iguana bites you!
* * * LOW HITPOINT WARNING * * *
The iguana bites you.
* * * LOW HITPOINT WARNING * * *
You hit the iguana.
The iguana is severely wounded.
The iguana bites you!
You die...

.....#))(#.########*********,*
##...#...#.#####.#*,,,,,,,,*,*
#..##.####....##.#*.#,,,**,*,*
...#.#)......>##.#*.#,,,,*,*,*
.##.##........##.##.#,,,,*,*,*
.#.#...######.......####,*,*,*
#.##..## #...........,*,*,*
(#...## #......#####**,*,*
##...# ####@.......,,,*,*
.....# #l#######****,*
...!.#***#######.#######****,*
.....#,,,........)......,,,*,*
...<.#,,,..####....#...#*,,*,*
.....#,,,*** #.)..#,,.#**,*,*
.....#,,******#....#*,,***,*,*
.....#,,**,,,,....##*,,,,,,*,*
.....#,***,,,.#...# **,,,,,*,*


You could see an iguana.

Vanquished Creatures
  Jessica (D:2)
  An orc wizard (D:3)
  An adder (D:2)
  A worm (D:3)
  2 dart slugs
  5 orcs (D:3)
  4 ball pythons
  7 endoplasms
  3 giant cockroaches
  A goblin (D:2)
  2 hobgoblins (D:1)
  13 jackals
  7 kobolds
  2 bats
  5 frilled lizards
  5 rats
60 creatures vanquished.

Notes
Turn   | Place    | Note
-------+----------+-------------------------------------------
     0 | D:1      | jestyr24 the Minotaur Berserker began the quest for the
                  | Orb.
     0 | D:1      | Reached XP level 1. HP: 19/19 MP: 0/0
    68 | D:1      | Found a faded altar of an unknown god.
   109 | D:1      | Reached XP level 2. HP: 27/27 MP: 1/1
   124 | D:1      | Reached skill level 4 in Axes
   435 | D:1      | Found Foolag's Antique Weapon Emporium.
   847 | D:2      | Reached ** piety under Trog
   941 | D:2      | Reached XP level 3. HP: 31/33 MP: 2/2
   978 | D:2      | You fall into a shaft and drop 1 floor!
  1311 | D:2      | Noticed Jessica
  1314 | D:2      | Killed Jessica
  1315 | D:2      | Reached skill level 5 in Axes
  1315 | D:2      | Reached XP level 4. HP: 40/40 MP: 3/3
  2277 | D:3      | Reached XP level 5. HP: 16/47 MP: 4/4
  2277 | D:3      | HP: 1/47 [iguana (3)]
  2278 | D:3      | Mangled by an iguana

Illustrated notes

Levels and vault maps discovered:
D:1:      erik_arrival_triangle_huge, layout_basic, basic_ecumenical_altar,
          serial_shops, shop_coins
D:2:      layout_loops_ring, uniq_jessica
D:3:      minmay_recursive_quarters, layout_basic, minmay_vboxes

Skill      XL: |  1  2  3  4 |
---------------+-------------+-----
Axes           | 4 5 |  5.6
Fighting       | 4 |  4.4
Armour         | 3 |  3.1
Dodging        | |  2.9
Stealth        | |  0.1
Shields        | |  0.1

Action                   |  1- 3 |  4- 6 || total
-------------------------+-------+-------++-------
Melee: Hand axe          |    59 |    51 ||   110
       Headbutt          |     6 |    11 ||    17
Invok: Berserk           |     1 |     1 ||     2
  Use: Scroll            |       |     4 ||     4
Armor: Animal skin       |     4 |       ||     4
       Leather armour    |    10 |    13 ||    23
Dodge: Dodged            |    33 |    29 ||    62
Block: Buckler           |     1 |     6 ||     7

Table legend: (Time is in decaauts)
 A = Elapsed time spent in this place.
 B = Non-inter-level travel time spent in this place.
 C = Inter-level travel time spent in this place.
 D = Time resting spent in this place.
 E = Time spent auto-exploring this place.
 F = Levels seen in this place.
 G = Mean time per level.
                   A        B        C        D        E       F      G
               +--------+--------+--------+--------+--------+-----+--------+
         Total |   2304 |   2198 |    106 |    113 |   1647 |   3 |  768.0 |
       Dungeon |   2304 |   2198 |    106 |    113 |   1647 |   3 |  768.0 |
               +--------+--------+--------+--------+--------+-----+--------+

Top non-repeatable levels by time:
     D:2: 927 daAuts
     D:1: 800 daAuts
     D:3: 577 daAuts
